[Event "Titled Tuesday Blitz November 15 Early 2022"]
[White "Perez Rodriguez, Jennifer"]
[Black "Kopacz, Grzegorz"]
[WhiteFideId "3507831"]
[BlackFideId "1109880"]
[WhiteElo "2170"]
[BlackElo "2037"]
[Result "1-0"]
[Round "02"]
[TimeControl "180+1"]
[Date "2022.11.16"]
[WhiteClock "0:00:23"]
[BlackClock "0:00:23"]

1. e4 c5 2. c3 g6 3. d4 cxd4 4. cxd4 d5 5. e5 Nc6 6. Nf3 Bg7 7. Bb5 Bd7 8. O-O e6 9. Nbd2 Nge7 10. b3 Nxe5 11. Bxd7+ Nxd7 12. Ba3 O-O 13. Re1 Re8 14. Rc1 Nc6 15. Nf1 Nf6 16. Ng3 Qa5 17. Bc5 Nd7 18. b4 Nxb4 19. Qd2 Nc6 20. Qf4 Rac8 21. h4 Nxc5 22. Rxc5 Qc7 23. Qg4 b6 24. Rc2 Qd6 25. h5 Nxd4 26. Nxd4 Rxc2 27. Nxc2 Rc8 28. Ne3 d4 29. Nef1 d3 30. hxg6 hxg6 31. Qe4 d2 32. Rd1 Rc1 33. Qe2 Bc3 34. Ne4 Qd4 35. Nxc3 Qxc3 36. Rxd2 Qa1 37. g3 a5 38. Kg2 Qf6 39. Ne3 Rc5 40. Ng4 Qf5 41. Rd8+ Kh7 42. Rd1 Rd5 43. Rh1+ Kg7 44. Qb2+ e5 45. Qe2 e4 46. Ne3 Qf3+ 47. Qxf3 exf3+ 48. Kxf3 Rd2 49. Ra1 Kf6 50. Nc4 Rd3+ 51. Ke4 Rc3 52. Nxb6 Rc2 53. Nd5+ Ke6 54. Nf4+ Kd6 55. Nd3 f5+ 56. Ke3 Rc3 57. Rb1 Rc2 58. Rb2 Rc3 59. Rb3 Rc2 60. Ra3 g5 61. Rxa5 f4+ 62. gxf4 gxf4+ 63. Nxf4 Rc3+ 64. Nd3 Rc2 65. Ra6+ Kd5 66. a4 Ra2 67. Nb4+ Kc4 68. Nxa2 Kb3 69. f4 Kxa2 70. f5 Ka1 71. f6 Ka2 72. f7 Ka1 73. f8=Q Ka2 1-0


[Site "https://www.chess.com"]

[Event "Titled Tuesday Blitz November 15 Early 2022"]
[White "Petrova, Irina"]
[Black "Winterberg, Lukas"]
[WhiteFideId "14124122"]
[BlackFideId "24622702"]
[WhiteElo "2023"]
[BlackElo "2349"]
[Result "0-1"]
[Round "02"]
[TimeControl "180+1"]
[Date "2022.11.16"]
[WhiteClock "0:00:38"]
[BlackClock "0:01:34"]

1. e4 e6 2. d4 d5 3. Nc3 Nf6 4. Bg5 h6 5. Bxf6 Qxf6 6. exd5 Bb4 7. Bb5+ Bd7 8. Bxd7+ Nxd7 9. dxe6 Qxe6+ 10. Ne2 Bxc3+ 11. bxc3 Nb6 12. O-O O-O 13. Re1 Rfe8 14. Nf4 Qc4 15. Qf3 c6 16. Qg3 Nd5 17. Nxd5 cxd5 18. h3 Rac8 19. Qf3 Kf8 20. Rac1 Rxe1+ 21. Rxe1 Qxc3 22. Qxc3 Rxc3 23. Re5 Rxc2 24. Rxd5 Rxa2 25. Rd7 Rb2 26. d5 a5 27. d6 Ke8 28. Re7+ Kd8 29. Rxf7 a4 30. Rxg7 a3 31. Rg8+ Kd7 32. Ra8 a2 33. Kh2 b5 34. f4 b4 35. f5 Kxd6 36. f6 Ke6 37. Ra6+ Kf7 0-1


[Site "https://www.chess.com"]

[Event "Titled Tuesday Blitz November 15 Early 2022"]
[White "Petrovic, Aleksa"]
[Black "Hambleton, Aman"]
[WhiteFideId "967629"]
[BlackFideId "2606577"]
[WhiteElo "2224"]
[BlackElo "2538"]
[Result "0-1"]
[Round "02"]
[TimeControl "180+1"]
[Date "2022.11.16"]
[WhiteClock "0:00:02"]
[BlackClock "0:00:03"]

1. d4 Nf6 2. c4 e6 3. Nf3 b6 4. g3 Ba6 5. Qa4 Bb7 6. Bg2 c5 7. dxc5 Bxc5 8. O-O O-O 9. Nc3 Be7 10. Rd1 d6 11. Bf4 a6 12. Rd2 Qc7 13. Rad1 Rd8 14. h3 h6 15. g4 Ne8 16. e4 Nd7 17. e5 Bc6 18. exd6 Bxd6 19. Bxd6 Nxd6 20. Qb4 Nc5 21. b3 a5 22. Qa3 Nde4 23. Nxe4 Bxe4 24. Qb2 Bxf3 25. Bxf3 Rac8 26. Kg2 Kf8 27. Qc3 Rxd2 28. Rxd2 Rd8 29. Qe3 Ke7 30. Rxd8 Qxd8 31. a3 Qd6 32. b4 axb4 33. axb4 Na6 34. c5 bxc5 35. b5 Nc7 36. Qb3 Qb6 37. Bc6 g5 38. Qc4 Nd5 39. Qa4 Nf6 40. Qa6 Qc7 41. Qb7 Kd6 42. Qa8 Nd5 43. Qf8+ Ke5 44. Qxh6 f6 45. Qh7 Nf4+ 46. Kg3 Kd4 47. Qc2 Nd3+ 48. Kg2 Ne1+ 49. Kf1 Nxc2 0-1


[Site "https://www.chess.com"]

[Event "Titled Tuesday Blitz November 15 Early 2022"]
[White "Pg, Mohd Omar Ak Hira"]
[Black "Korchmar, Vasiliy"]
[WhiteFideId "10500103"]
[BlackFideId "24131750"]
[WhiteElo "2184"]
[BlackElo "2370"]
[Result "0-1"]
[Round "02"]
[TimeControl "180+1"]
[Date "2022.11.16"]
[WhiteClock "0:00:02"]
[BlackClock "0:00:02"]

1. e4 c5 2. Nf3 d6 3. d4 cxd4 4. Nxd4 Nf6 5. Nc3 Nc6 6. Bc4 Qb6 7. Nxc6 bxc6 8. O-O g6 9. Be3 Qc7 10. Qd2 Ng4 11. Bf4 Bg7 12. h3 Ne5 13. Bb3 O-O 14. Bh6 Be6 15. Bxg7 Kxg7 16. Qd4 c5 17. Qd2 c4 18. Ba4 f6 19. b3 Rac8 20. Nd5 Qb7 21. f4 Bxd5 22. exd5 Nd7 23. Bxd7 Qxd7 24. Rae1 Rf7 25. Re6 Qb5 26. Rfe1 Rc7 27. a4 Qb6+ 28. Qe3 Qa5 29. f5 Qxd5 30. fxg6 hxg6 31. Re4 cxb3 32. cxb3 e5 33. Kh1 f5 34. Rh4 f4 35. Qe2 Qxb3 36. Rg4 Qc2 37. Qb5 Qf5 38. Rd1 Rfd7 39. Qb8 Rb7 40. Qc8 Rbc7 41. Qb8 Qe6 42. Rh4 Qg8 43. Qb2 Qd8 44. Rxf4 Rb7 45. Qa1 Qg5 46. Rff1 Rf7 47. Rg1 Rbd7 48. Rd5 Qf6 49. Qd1 Qe6 50. Qd3 Rf6 51. a5 e4 52. Qd4 e3 53. a6 e2 54. Qd2 Re7 55. Rxd6 e1=Q 0-1


[Site "https://www.chess.com"]

[Event "Titled Tuesday Blitz November 15 Early 2022"]
[White "Pichot, Alan"]
[Black "Parpiev, Isaak"]
[WhiteFideId "110973"]
[BlackFideId "34281576"]
[WhiteElo "2560"]
[BlackElo "2094"]
[Result "1/2-1/2"]
[Round "02"]
[TimeControl "180+1"]
[Date "2022.11.16"]
[WhiteClock "0:00:05"]
[BlackClock "0:00:06"]

1. Nf3 Nf6 2. b3 d6 3. Bb2 e5 4. g3 g6 5. c4 Bg7 6. Bg2 O-O 7. O-O Re8 8. d3 h6 9. Nc3 Nc6 10. a3 e4 11. dxe4 Nxe4 12. Rc1 Nxc3 13. Bxc3 Bxc3 14. Rxc3 Qf6 15. Re3 Rxe3 16. fxe3 Qe7 17. Qd2 Bg4 18. Nd4 Re8 19. Bd5 Nd8 20. Rf4 Bd7 21. Re4 Qf8 22. Qa5 c6 23. Rxe8 Qxe8 24. Bf3 Qxe3+ 25. Kg2 Ne6 26. Nxe6 Bxe6 27. Qd8+ Kg7 28. Qxd6 a5 29. Qd3 Qxd3 30. exd3 f5 31. Kf2 Kf6 32. Ke3 Ke5 33. d4+ Kd6 34. Be2 g5 35. Bd3 c5 36. Be2 b6 37. Bd3 Bd7 38. Bc2 Be6 39. Bd3 Bd7 40. Bf1 Be6 41. h4 Bd7 42. hxg5 hxg5 43. Bd3 Be6 44. Bc2 Bd7 45. Bb1 Be6 46. Bd3 Bc8 47. Bc2 Be6 48. Bd1 Bd7 49. Bf3 Be8 50. Bd5 Bd7 51. Bb7 Be6 52. Ba8 Bd7 53. Bf3 Be6 54. a4 Bd7 55. Bg2 Be6 56. Bf3 Bd7 57. Bg2 Be6 58. Bf3 1/2-1/2


[Site "https://www.chess.com"]

[Event "Titled Tuesday Blitz November 15 Early 2022"]
[White "Pino Perez, Lazaro"]
[Black "Fieberg, Samuel"]
[WhiteFideId "3517055"]
[BlackFideId "12901717"]
[WhiteElo "2170"]
[BlackElo "2504"]
[Result "0-1"]
[Round "02"]
[TimeControl "180+1"]
[Date "2022.11.16"]
[WhiteClock "0:00:01"]
[BlackClock "0:00:15"]

1. d4 e6 2. Bf4 d5 3. e3 Bd6 4. Nf3 Bxf4 5. exf4 b6 6. c3 Ne7 7. h4 O-O 8. Nbd2 Ba6 9. Bxa6 Nxa6 10. h5 c5 11. Qe2 Nb8 12. h6 g6 13. Qe5 Nf5 14. g4 Nc6 15. Qe2 cxd4 16. gxf5 exf5 17. Kf1 dxc3 18. bxc3 Re8 19. Qd3 Qd6 20. Nd4 Nd8 21. Rh4 Nb7 22. N2b3 Nc5 23. Nxc5 bxc5 24. Nf3 Rad8 25. Kg2 Re4 26. Qd2 d4 27. cxd4 cxd4 28. Rd1 Qd5 29. Kg3 Qc4 30. Ne5 Qa4 31. Rhh1 Qa3+ 32. Qd3 Qxa2 33. Ra1 Qd5 34. Rhe1 g5 35. Rxe4 fxe4 36. Qd2 e3 37. fxe3 gxf4+ 38. exf4 Kh8 39. Kh2 Rg8 40. Rg1 Rxg1 41. Kxg1 Qe4 42. Qg2 Qe3+ 43. Kh1 Qe1+ 0-1


[Site "https://www.chess.com"]

[Event "Titled Tuesday Blitz November 15 Early 2022"]
[White "Player, Edmund C"]
[Black "Galchenko, Matvey"]
[WhiteFideId "406520"]
[BlackFideId "24175480"]
[WhiteElo "2103"]
[BlackElo "2403"]
[Result "0-1"]
[Round "02"]
[TimeControl "180+1"]
[Date "2022.11.16"]
[WhiteClock "0:00:06"]
[BlackClock "0:00:07"]

1. e4 e6 2. d4 d5 3. Nc3 Bb4 4. Ne2 Nc6 5. a3 Ba5 6. e5 f6 7. f4 Nh6 8. g3 O-O 9. Bh3 Bb6 10. Na4 fxe5 11. Nxb6 axb6 12. fxe5 Nf5 13. O-O Bd7 14. c3 Nce7 15. Nf4 c5 16. b4 Qc7 17. Qd3 Rfc8 18. Be3 cxd4 19. Bxd4 Qc4 20. Qd2 Rc6 21. Rf2 Rac8 22. Ne2 Qb3 23. g4 Nh4 24. Qf4 Nhg6 25. Qf7+ Kh8 26. Raf1 Qxa3 27. Nf4 Rg8 28. Nh5 Qa8 29. Nf6 gxf6 30. exf6 e5 31. fxe7 exd4 32. cxd4 Qe8 33. Qxe8 Rxe8 34. Rf8+ Kg7 35. Rxe8 Bxe8 36. Rf8 Nxf8 37. exf8=Q+ Kxf8 38. g5 Bg6 39. Be6 Rxe6 0-1


[Site "https://www.chess.com"]

[Event "Titled Tuesday Blitz November 15 Early 2022"]
[White "Potapova, Margarita"]
[Black "Beerdsen, Thomas"]
[WhiteFideId "14126869"]
[BlackFideId "1030108"]
[WhiteElo "2272"]
[BlackElo "2567"]
[Result "1/2-1/2"]
[Round "02"]
[TimeControl "180+1"]
[Date "2022.11.16"]
[WhiteClock "0:00:17"]
[BlackClock "0:00:18"]

1. e4 e5 2. Nf3 Nc6 3. Nc3 Nf6 4. d4 exd4 5. Nxd4 Bb4 6. Nxc6 bxc6 7. Bd3 d5 8. exd5 O-O 9. O-O Bg4 10. f3 Bh5 11. Bg5 cxd5 12. Bxf6 Qxf6 13. Nxd5 Qxb2 14. Rb1 Bc5+ 15. Kh1 Qa3 16. Qc1 Qxc1 17. Rfxc1 Bd6 18. Re1 Rfe8 19. Kg1 c6 20. Nc3 Rxe1+ 21. Rxe1 Bb4 22. Re5 Bg6 23. Ne4 Rb8 24. g4 h6 25. Kg2 Rd8 26. h4 Bh7 27. a3 Bxa3 28. Ra5 Be7 29. g5 hxg5 30. hxg5 Ra8 31. Ra6 c5 32. Bc4 Bxe4 33. fxe4 Bxg5 34. Bd5 Rf8 35. Rxa7 g6 36. Rc7 Be3 37. Kf3 Bg1 38. Kg2 Bd4 39. c3 Be3 40. Kf3 Bg1 41. Kg2 Be3 42. Kf3 Bd2 43. Rxc5 Kg7 44. Rc7 Be1 45. c4 Ba5 46. Ra7 Bb6 47. Ra6 Bd4 48. Ra5 f5 49. exf5 gxf5 50. c5 Rd8 51. c6 Kf6 52. Bc4 Be5 53. Ra7 Rc8 54. Bb5 Rb8 55. Rb7 Rc8 56. Rd7 Rh8 57. Ba6 Rh3+ 58. Kg2 Rc3 59. Bb7 Rc2+ 60. Kf3 Rc3+ 61. Kf2 Kg5 62. Rh7 Kg4 63. Rh1 Bd4+ 64. Ke2 f4 65. Bc8+ Kg3 66. Rh3+ Kg2 67. Rxc3 Bxc3 68. Bg4 Ba5 69. Bf3+ Kg3 70. Bd5 Kg4 71. Bf3+ Kf5 72. Bd5 Kf6 73. Bf3 Ke5 74. Kf1 Kd4 75. Kg2 Ke3 76. Bg4 Bd8 77. Bf3 Kd4 78. Bg4 Ke5 79. Bf3 Kf5 80. Bd5 Bc7 81. Bf3 Kf6 82. Bd5 Bb8 83. Kf3 Ke5 84. Be4 Kd6 85. Kxf4 Bc7 86. Ke3 Bb6+ 87. Kd3 Kc7 88. Bd5 Bg1 89. Be4 Ba7 90. Bf3 Bg1 91. Be4 Ba7 92. Bf3 Bg1 93. Be4 1/2-1/2


[Site "https://www.chess.com"]

[Event "Titled Tuesday Blitz November 15 Early 2022"]
[White "Pranav, V"]
[Black "Mamedov, Edgar"]
[WhiteFideId "25060783"]
[BlackFideId "13739980"]
[WhiteElo "2430"]
[BlackElo "2183"]
[Result "1-0"]
[Round "02"]
[TimeControl "180+1"]
[Date "2022.11.16"]
[WhiteClock "0:01:12"]
[BlackClock "0:00:08"]

1. Nf3 d5 2. g3 c6 3. Bg2 Bg4 4. O-O Nd7 5. d3 e6 6. Nbd2 Bd6 7. e4 Ne7 8. Re1 O-O 9. h3 Bh5 10. Qe2 a5 11. Nf1 a4 12. a3 b5 13. g4 Bg6 14. Nd4 Qc7 15. h4 h6 16. g5 h5 17. Nf3 Ne5 18. Nxe5 Bxe5 19. exd5 Bd6 20. dxc6 Nf5 21. c3 Nxh4 22. Bh1 Rad8 23. d4 Rfe8 24. Qxb5 Rb8 25. Qc4 Bf4 26. d5 Bxc1 27. Raxc1 exd5 28. Qxh4 Qxc6 29. Ne3 Rbd8 30. Rcd1 Qb6 31. Qb4 Qc7 32. Nxd5 Rxe1+ 33. Rxe1 Qd7 34. Bf3 Qf5 35. Ne7+ 1-0


[Site "https://www.chess.com"]

[Event "Titled Tuesday Blitz November 15 Early 2022"]
[White "Prokofiev, Valentyn"]
[Black "Kamsky, Gata"]
[WhiteFideId "14160161"]
[BlackFideId "2000024"]
[WhiteElo "2259"]
[BlackElo "2666"]
[Result "0-1"]
[Round "02"]
[TimeControl "180+1"]
[Date "2022.11.15"]
[WhiteClock "0:00:03"]
[BlackClock "0:00:20"]

1. d4 d5 2. Nf3 Nf6 3. c4 c6 4. cxd5 cxd5 5. Bf4 e6 6. Nc3 Bd6 7. Bxd6 Qxd6 8. e3 Nc6 9. Bd3 Bd7 10. O-O O-O 11. a3 Rfc8 12. Qe2 Be8 13. Rfc1 Na5 14. Nd2 Rc7 15. b4 Rac8 16. Na2 Nc6 17. Nb3 Ne7 18. h3 h6 19. Qb2 b6 20. Nc3 Qd8 21. Nd2 Bd7 22. a4 Ne8 23. Ba6 Rb8 24. b5 Nd6 25. Na2 Bc8 26. Rxc7 Qxc7 27. Rc1 Qd8 28. Nb4 Bxa6 29. Nxa6 Rc8 30. Nb4 Rc7 31. Rc2 Qc8 32. Qc1 Rxc2 33. Qxc2 Qxc2 34. Nxc2 Kf8 35. Kf1 Ke8 36. Ke2 Kd7 37. Kd3 f6 38. Kc3 Ne4+ 39. Nxe4 dxe4 40. Kb3 Kd6 41. Na3 Nd5 42. Nc4+ Kc7 43. Nd2 f5 44. g3 g5 45. Nc4 h5 46. h4 gxh4 47. gxh4 Nf6 48. Ne5 Kd6 49. Ng6 Ng4 50. Kc3 Nxf2 51. Nf4 Ng4 52. Kd2 Nf6 53. Ke2 e5 54. dxe5+ Kxe5 55. Kd2 Kd6 56. Kc3 Nd5+ 57. Nxd5 Kxd5 58. Kb4 Ke5 59. Kc4 f4 0-1


[Site "https://www.chess.com"]

[Event "Titled Tuesday Blitz November 15 Early 2022"]
[White "Pultinevicius, Paulius"]
[Black "Budrewicz, Krzysztof"]
[WhiteFideId "12809390"]
[BlackFideId "1127950"]
[WhiteElo "2900"]
[BlackElo "2613"]
[Result "0-1"]
[Round "02"]
[TimeControl "180+1"]
[Date "2022.11.16"]
[WhiteClock "0:00:06"]
[BlackClock "0:00:26"]

1. Nf3 Nf6 2. c4 g6 3. Nc3 Bg7 4. g3 O-O 5. Bg2 d6 6. O-O Nbd7 7. d3 e5 8. Rb1 a5 9. a3 c6 10. b4 axb4 11. axb4 d5 12. Nd2 d4 13. Nce4 Nxe4 14. Nxe4 Qe7 15. c5 Nf6 16. Nd6 Ne8 17. Nc4 Be6 18. Bd2 Bxc4 19. dxc4 e4 20. b5 f5 21. Qb3 Nf6 22. Ra1 Rfd8 23. Rxa8 Rxa8 24. Rb1 Qxc5 25. bxc6 bxc6 26. Qb7 Rd8 27. Qc7 Qd6 28. Qa7 Rd7 29. Qa8+ Kf7 30. Rb8 h6 31. Bb4 c5 32. Bd2 Qe6 33. Qa4 g5 34. Rb5 Rc7 35. Qa5 Qe7 36. Bc1 Bf8 37. Rb6 Ra7 38. Ra6 Rxa6 39. Qxa6 Qd6 40. Qb7+ Be7 41. Bh3 Kg6 42. Qc8 Qe5 43. Bd2 h5 44. Ba5 g4 45. Bf1 f4 46. Qc6 fxg3 47. hxg3 e3 48. Bc7 exf2+ 49. Kxf2 Qe3+ 50. Kg2 Qe4+ 51. Qxe4+ Nxe4 52. Kg1 Bd6 53. Bg2 Bxc7 54. Bxe4+ Kg5 55. Kg2 Be5 56. Bd3 h4 57. gxh4+ Kxh4 58. Be4 Kg5 59. Bd3 Kf4 60. Bg6 Ke3 61. Bd3 g3 62. Kg1 Bc7 63. Kg2 Bd6 64. Kg1 Kf4 65. Kg2 Bc7 66. Kg1 Ba5 67. Kg2 Be1 68. Kg1 Bf2+ 69. Kg2 Ke3 70. Kh3 Kd2 71. Kg2 Ke1 72. Kh1 Be3 73. Kg2 Bf4 74. Kf3 Bd6 75. Kg2 Be5 76. Kh3 Kf2 77. Be4 Kxe2 78. Kg2 d3 79. Bf3+ Ke1 80. Bg4 d2 81. Bf3 d1=Q 82. Bxd1 Kxd1 83. Kf1 Kd2 84. Kg2 Kd3 85. Kf3 Kxc4 86. Ke4 Bd6 0-1


[Site "https://www.chess.com"]

[Event "Titled Tuesday Blitz November 15 Early 2022"]
[White "Radovic, Luka"]
[Black "Rios Escobar, Adan"]
[WhiteFideId "911569"]
[BlackFideId "3403645"]
[WhiteElo "2257"]
[BlackElo "2345"]
[Result "0-1"]
[Round "02"]
[TimeControl "180+1"]
[Date "2022.11.16"]
[WhiteClock "0:00:35"]
[BlackClock "0:00:05"]

1. e4 c5 2. c3 d5 3. exd5 Nf6 4. d4 Nxd5 5. Nf3 cxd4 6. Nxd4 e5 7. Nf3 Nc6 8. Bc4 Be6 9. Ng5 Nxc3 10. Qxd8+ Rxd8 11. Nxc3 Bxc4 12. Be3 Nb4 13. f3 Nc2+ 14. Kf2 Nxe3 15. Kxe3 Bc5+ 16. Ke4 Bd3+ 17. Kxe5 f6+ 18. Kf4 fxg5+ 19. Kxg5 O-O 20. Ne4 Be3+ 21. Kh4 Rf4+ 22. Kg3 Bxe4 23. fxe4 Rdf8 24. Rhd1 Bf2+ 25. Kh3 Rh4# 0-1


[Site "https://www.chess.com"]

[Event "Titled Tuesday Blitz November 15 Early 2022"]
[White "Rakhmanov, Aleksandr"]
[Black "Taboas Rodriguez, Daniel"]
[WhiteFideId "4173708"]
[BlackFideId "2208466"]
[WhiteElo "2530"]
[BlackElo "2329"]
[Result "0-1"]
[Round "02"]
[TimeControl "180+1"]
[Date "2022.11.16"]
[WhiteClock "0:00:07"]
[BlackClock "0:00:10"]

1. d4 Nf6 2. c4 g6 3. Nc3 Bg7 4. e4 d6 5. h3 O-O 6. Be3 Nc6 7. d5 Ne5 8. Be2 e6 9. Nf3 Nxf3+ 10. Bxf3 exd5 11. cxd5 b5 12. O-O b4 13. Nb5 Ba6 14. Qa4 Bxb5 15. Qxb5 Re8 16. Qxb4 Rb8 17. Qa4 Rxb2 18. Rab1 Qb8 19. Rxb2 Qxb2 20. Rc1 Re7 21. g3 h5 22. Kg2 h4 23. g4 Kh7 24. Rc4 Nd7 25. Rxc7 Nc5 26. Rxc5 dxc5 27. d6 Rb7 28. e5 Rb8 29. e6 fxe6 30. Qxa7 Qb6 31. Qe7 Qd8 32. Bg5 Qxe7 33. dxe7 Kg8 34. Bc6 Kf7 35. e8=Q+ Rxe8 36. Bxe8+ Kxe8 37. Bxh4 c4 38. Kf3 Kd7 39. Ke4 Kc6 40. Bg5 Kc5 41. h4 Kb4 42. h5 gxh5 43. gxh5 Ka3 44. h6 Bh8 45. Be3 c3 46. Kd3 Kb2 47. Bd4 Bxd4 48. Kxd4 c2 49. h7 c1=Q 50. h8=Q Qc3+ 0-1


[Site "https://www.chess.com"]

[Event "Titled Tuesday Blitz November 15 Early 2022"]
[White "Rangel, Daniel"]
[Black "Gabrielian, Artur"]
[WhiteFideId "2124475"]
[BlackFideId "4131002"]
[WhiteElo "2225"]
[BlackElo "2432"]
[Result "0-1"]
[Round "02"]
[TimeControl "180+1"]
[Date "2022.11.16"]
[WhiteClock "0:00:45"]
[BlackClock "0:02:01"]

1. c4 Nf6 2. g3 g6 3. Bg2 d5 4. cxd5 Nxd5 5. Nc3 Nb6 6. d3 Bg7 7. Nf3 O-O 8. O-O Nc6 9. a3 e5 10. Rb1 a5 11. b4 axb4 12. axb4 h6 13. Be3 Nd4 14. Ne4 Nd5 15. Bd2 Ra2 16. e3 Nxf3+ 17. Bxf3 Bh3 18. Bg2 Bxg2 19. Kxg2 Nf6 20. Bc3 Qd5 21. Qb3 Rd8 22. Qxd5 Nxd5 23. Be1 Nxe3+ 0-1


[Site "https://www.chess.com"]

[Event "Titled Tuesday Blitz November 15 Early 2022"]
[White "Ricaurte Lopez, Juan Carlos"]
[Black "Khamdamova, Afruza"]
[WhiteFideId "3600327"]
[BlackFideId "14210444"]
[WhiteElo "2209"]
[BlackElo "2018"]
[Result "0-1"]
[Round "02"]
[TimeControl "180+1"]
[Date "2022.11.16"]
[WhiteClock "0:00:01"]
[BlackClock "0:00:19"]

1. e4 e5 2. d4 exd4 3. c3 dxc3 4. Nxc3 Nc6 5. Bc4 Nf6 6. Nf3 d6 7. O-O Be7 8. Ng5 O-O 9. f4 h6 10. Nf3 d5 11. Bxd5 Bc5+ 12. Kh1 Ne7 13. Bb3 Qxd1 14. Rxd1 Ng4 15. Na4 Nf2+ 16. Kg1 Nxe4+ 17. Nxc5 Nxc5 18. Bc4 Nf5 19. Ne5 Be6 20. g4 Bxc4 21. Nxc4 Nh4 22. Be3 Ne6 23. Kf2 f5 24. h3 fxg4 25. hxg4 Nxf4 26. Kg3 Nhg6 27. Rd7 Ne6 28. Re1 Rae8 29. Bd2 b5 30. Na5 a6 31. Bc3 Rf7 0-1


[Site "https://www.chess.com"]

[Event "Titled Tuesday Blitz November 15 Early 2022"]
[White "Richter, Paul"]
[Black "Ter-Sahakyan, Samvel"]
[WhiteFideId "2046350"]
[BlackFideId "13302531"]
[WhiteElo "2556"]
[BlackElo "2584"]
[Result "1-0"]
[Round "02"]
[TimeControl "180+1"]
[Date "2022.11.16"]
[WhiteClock "0:00:03"]
[BlackClock "0:00:43"]

1. e4 c6 2. Nc3 d5 3. Nf3 Bg4 4. h3 Bxf3 5. Qxf3 e6 6. g3 Nf6 7. Bg2 Bc5 8. d3 O-O 9. O-O Nbd7 10. Kh1 a5 11. Qe2 dxe4 12. dxe4 e5 13. Nd1 Re8 14. Ne3 g6 15. c3 a4 16. h4 b5 17. a3 Bf8 18. Rd1 Qe7 19. Nc2 Nc5 20. Bg5 Qe6 21. Nb4 h6 22. Bxf6 Qxf6 23. Kg1 h5 24. Bh3 Ra7 25. Rab1 Rc7 26. Bg2 Bh6 27. Nd3 Nb3 28. Nb4 Rd8 29. Rxd8+ Qxd8 30. Rd1 Rd7 31. Rxd7 Qxd7 32. Bf3 Bf8 33. Nd3 Qe6 34. Qe3 c5 35. Bd1 c4 36. Bxb3 axb3 37. Nb4 Bxb4 38. axb4 Qd6 39. Qe2 Kg7 40. Kg2 Qc6 41. Kf1 f5 42. f3 Qd6 43. Kf2 Qb6+ 44. Kg2 Kf6 45. Qd2 fxe4 46. Qg5+ Kf7 47. fxe4 Qd6 48. Qe3 Qd1 49. Qa7+ Kg8 50. Qb8+ Kh7 51. Qc7+ Kh6 52. Qxe5 Qd2+ 53. Kh3 Qxb2 54. Qh8# 1-0


[Site "https://www.chess.com"]

[Event "Titled Tuesday Blitz November 15 Early 2022"]
[White "Ristic, Nebojsa B"]
[Black "Timofeev, Artyom"]
[WhiteFideId "935468"]
[BlackFideId "4140419"]
[WhiteElo "2320"]
[BlackElo "2586"]
[Result "1/2-1/2"]
[Round "02"]
[TimeControl "180+1"]
[Date "2022.11.16"]
[WhiteClock "0:01:41"]
[BlackClock "0:02:14"]

1. d4 d5 2. Bf4 Nf6 3. e3 e6 4. Nf3 Bd6 5. Bg3 O-O 6. Nbd2 b6 7. Bd3 Bb7 8. Qe2 Ne4 9. O-O Nd7 10. Bxd6 cxd6 11. Ba6 Bxa6 12. Qxa6 Qc7 13. c4 dxc4 14. Nxe4 d5 15. Ng3 Qc6 16. Rac1 Rab8 17. Ne5 Nxe5 18. dxe5 Qc7 19. f4 b5 20. Ne2 Rb6 21. Qa5 b4 22. Nd4 Rc8 23. Rf2 g6 24. Rfc2 Qb7 25. g3 Ra6 26. Qb5 Rb6 27. Qa4 Ra6 28. Qb5 Rb6 29. Qa4 Ra6 30. Qb5 1/2-1/2


[Site "https://www.chess.com"]

[Event "Titled Tuesday Blitz November 15 Early 2022"]
[White "Rodriguez Fontecha, Marcos"]
[Black "Ivic, Velimir"]
[WhiteFideId "2256576"]
[BlackFideId "950122"]
[WhiteElo "2263"]
[BlackElo "2625"]
[Result "0-1"]
[Round "02"]
[TimeControl "180+1"]
[Date "2022.11.16"]
[WhiteClock "0:00:03"]
[BlackClock "0:00:07"]

1. d4 Nf6 2. Nf3 g6 3. Bg5 Bg7 4. Nbd2 c5 5. c3 d6 6. dxc5 dxc5 7. e4 h6 8. Bh4 O-O 9. Bc4 Nc6 10. O-O Nh5 11. Qe2 Qc7 12. Qe3 Na5 13. Bd3 b6 14. e5 Be6 15. h3 Rad8 16. Bc2 Qc8 17. Bxe7 Rfe8 18. Bxd8 Rxd8 19. Ne4 Nc4 20. Qc1 Bxh3 21. Ng3 Nxg3 22. fxg3 Be6 23. Qf4 Nxb2 24. Bb3 c4 25. Bc2 Qc5+ 26. Kh2 Nd3 27. Bxd3 Rxd3 28. Rad1 Qd5 29. Rxd3 cxd3 30. Qd4 Qxd4 31. Nxd4 Bxa2 32. Rd1 Bc4 33. Nc6 a5 34. Kg1 a4 35. Kf2 a3 36. Ke3 a2 37. Nb4 Bxe5 38. Kd2 b5 39. Nxd3 Bxd3 40. Kxd3 b4 41. cxb4 a1=Q 42. Rxa1 Bxa1 43. Ke4 Bc3 44. b5 Ba5 45. Kd5 Kg7 0-1


[Site "https://www.chess.com"]

[Event "Titled Tuesday Blitz November 15 Early 2022"]
[White "Rohith Krishna S"]
[Black "Paravyan, David"]
[WhiteFideId "46617051"]
[BlackFideId "4194985"]
[WhiteElo "2270"]
[BlackElo "2546"]
[Result "1/2-1/2"]
[Round "02"]
[TimeControl "180+1"]
[Date "2022.11.15"]
[WhiteClock "0:00:10"]
[BlackClock "0:00:04"]

1. d4 Nf6 2. c4 g6 3. Nc3 d5 4. cxd5 Nxd5 5. e4 Nxc3 6. bxc3 Bg7 7. Nf3 c5 8. Be3 Bg4 9. Bc4 O-O 10. O-O Nc6 11. Bd5 cxd4 12. cxd4 Rc8 13. Rb1 e6 14. Bxc6 bxc6 15. e5 Qd5 16. h3 Bxf3 17. Qxf3 Qxf3 18. gxf3 c5 19. dxc5 Bxe5 20. Rb7 Rfd8 21. Rxa7 Bd4 22. Bxd4 Rxd4 23. Rc1 Rc6 24. a4 Kg7 25. Kg2 g5 26. a5 Rd5 27. a6 Rcxc5 28. Rxc5 Rxc5 29. Rb7 Ra5 30. a7 Kg6 31. Kg3 Ra4 32. Kg2 f6 33. Rc7 h5 34. Rb7 Kf5 35. Rh7 e5 36. Rb7 Ra1 37. Rh7 Ra3 38. Rb7 Ra4 39. Rg7 Ra2 40. Rh7 Ra6 41. Rb7 Ra3 42. Rh7 Kg6 43. Rb7 Kf5 44. Rh7 Kf4 45. Rb7 e4 46. fxe4 Kxe4 47. Re7+ Kf5 48. Rh7 Kg6 49. Rb7 Ra4 50. Rc7 Ra2 51. Rb7 Ra3 52. Rc7 g4 53. hxg4 hxg4 54. Rb7 Kg5 55. Rc7 f5 56. Rb7 f4 57. Rg7+ Kf5 58. Rf7+ Kg5 59. Rg7+ Kh5 60. Rh7+ Kg6 61. Rb7 Ra2 62. Rb6+ Kg5 63. Rb5+ Kh4 64. Rb7 g3 65. Kg1 Ra1+ 66. Kg2 Ra2 67. Kg1 gxf2+ 68. Kg2 f1=Q+ 69. Kxf1 Kg3 70. Rg7+ Kf3 71. Ke1 Ra1+ 72. Kd2 Kf2 73. Kc3 f3 74. Kb4 Ke3 75. Re7+ Kd3 76. Rf7 Ke2 77. Kb5 f2 78. Rxf2+ Kxf2 79. Kb6 Rxa7 80. Kxa7 1/2-1/2


[Site "https://www.chess.com"]

[Event "Titled Tuesday Blitz November 15 Early 2022"]
[White "Rosh Jain"]
[Black "Gorodetzky, David"]
[WhiteFideId "25789465"]
[BlackFideId "2813416"]
[WhiteElo "2233"]
[BlackElo "2497"]
[Result "0-1"]
[Round "02"]
[TimeControl "180+1"]
[Date "2022.11.16"]
[WhiteClock "0:00:02"]
[BlackClock "0:00:47"]

1. e4 Nf6 2. e5 Nd5 3. d4 d6 4. Nf3 g6 5. Bc4 Nb6 6. Bb3 Bg7 7. exd6 cxd6 8. c3 Nc6 9. Bf4 h6 10. Nbd2 e5 11. dxe5 dxe5 12. Bg3 Bf5 13. O-O O-O 14. Nh4 Bd3 15. Re1 Kh7 16. a4 a5 17. Bc2 f5 18. f4 exf4 19. Bf2 Nc4 20. Nxc4 Bxc4 21. Qf3 Qc7 22. Bc5 Ne5 23. Rxe5 Qxe5 24. Bxf8 Rxf8 25. Qf2 Re8 26. Nf3 Qe2 27. Re1 Qxf2+ 28. Kxf2 Rxe1 29. Nxe1 Bf8 30. b3 Bd5 31. Nd3 Bd6 32. c4 Be4 33. Ne1 Kg7 34. Bd3 Bb4 35. Be2 Kf6 36. Bf3 Ke5 37. Bxe4 fxe4 38. Nc2 Bc5+ 39. Ke2 g5 40. Ne1 g4 41. g3 f3+ 42. Kf1 Kd4 43. Nc2+ Kc3 44. Ne1 e3 45. h3 e2# 0-1


[Site "https://www.chess.com"]

[Event "Titled Tuesday Blitz November 15 Early 2022"]
[White "Rostomyan, Mikayel"]
[Black "Onslow, Alfie"]
[WhiteFideId "13313754"]
[BlackFideId "436976"]
[WhiteElo "2009"]
[BlackElo "2015"]
[Result "0-1"]
[Round "02"]
[TimeControl "180+1"]
[Date "2022.11.16"]
[WhiteClock "0:00:11"]
[BlackClock "0:00:19"]

1. e4 g6 2. d4 Bg7 3. c4 Nc6 4. Ne2 e5 5. d5 Nce7 6. Nbc3 d6 7. Be3 f5 8. f3 Nf6 9. Qd2 f4 10. Bf2 O-O 11. g4 a6 12. h4 h6 13. Rc1 Bd7 14. b4 Kh7 15. c5 Nxg4 16. fxg4 Bxg4 17. Ng1 h5 18. Nh3 Ng8 19. Ng5+ Kh8 20. Bh3 Qe7 21. Bxg4 hxg4 22. Ne6 Rf7 23. h5 g5 24. Kd1 g3 25. Be1 Bh6 26. Kc2 Nf6 27. Bxg3 fxg3 28. Nxg5 Bxg5 29. Qxg5 Rg8 30. Qh6+ Rh7 31. Qd2 dxc5 32. bxc5 Qxc5 33. Rhg1 Nxe4 34. Qe1 Qxc3+ 35. Qxc3 Nxc3 36. Kxc3 Rxh5 37. Rce1 g2 38. Re2 Rh3+ 39. Kc4 Rg4+ 40. Kc5 Rc3# 0-1


[Site "https://www.chess.com"]